 Dungeon Crawl Stone Soup version 0.17.1-2-g5865329 (webtiles) character file.

5322 DishwasherDemon the Basher (level 10, -2/111 HPs)
             Began as an Ogre Berserker on Jan 31, 2016.
             Was an Elder of Trog.
             Killed from afar by a centaur (17 damage)
             ... with a wand of draining
             ... on level 9 of the Dungeon.
             The game lasted 00:20:58 (9201 turns).

DishwasherDemon the Basher (Ogre Berserker)         Turns: 9201, Time: 00:21:00

Health: -2/111     AC: 10    Str: 27    XL:     10   Next: 64%
Magic:  0/10       EV: 11    Int:  6    God:    Trog [****..]
Gold:   510        SH:  0    Dex: 12    Spells: 0 memorised, 9 levels left

rFire  + . .     SeeInvis .     z - +3 mace (protect)
rCold  + . .     Clarity  .     H - +1 robe {rC+}
rNeg   . . .     SustAt   .     (no shield)
rPois  .         Gourm    .     m - +0 hat
rElec  .         Spirit   +     O - +0 cloak
rCorr  .         Warding  .     (gloves unavailable)
rMut   .         Stasis   .     (boots unavailable)
MR     +....                    q - amulet of guardian spirit
Stlth  +.........               K - +3 ring of strength
                                n - ring of protection from fire

@: heavily drained, somewhat resistant to hostile enchantments, very unstealthy
A: unfitting armour, tough skin 1
a: Berserk, Trog's Hand, Brothers in Arms, Burn Spellbooks, Renounce Religion


You were on level 9 of the Dungeon.
You worshipped Trog.
Trog was greatly pleased with you.
You were not hungry.

You visited 1 branch of the dungeon, and saw 9 of its levels.

You collected 510 gold pieces.

Inventory:

Hand Weapons
 a - a +0 mace
 y - a +0 giant club
 z - a +3 mace of protection (weapon)
Missiles
 C - 3 javelins
 I - a large rock (quivered)
Armour
 b - a +0 animal skin
 m - a +0 hat (worn)
 B - a +1 large shield of cold resistance
 H - a +1 robe of cold resistance (worn)
 O - a +0 cloak (worn)
Jewellery
 n - a ring of protection from fire (left hand)
 q - an amulet of guardian spirit (around neck)
 K - a +3 ring of strength (right hand)
 L - an uncursed ring of stealth
Wands
 F - a wand of slowing (12)
 P - a wand of flame (17)
Scrolls
 d - 2 scrolls of noise {unknown}
 e - 5 scrolls of recharging {unknown}
 h - 4 scrolls of enchant armour {unknown}
 i - a scroll of amnesia {unknown}
 k - 4 scrolls of magic mapping {unknown}
 o - 9 scrolls of identify {unknown}
 r - 5 scrolls of remove curse {unknown}
 x - 4 scrolls of teleportation {unknown}
 N - a scroll of summoning {unknown}
 Q - 2 scrolls of acquirement {unknown}
Potions
 g - 4 potions of agility {unknown}
 l - a potion of lignification {unknown}
 p - 4 potions of heal wounds {unknown}
 t - 2 potions of degeneration {unknown}
 u - 5 potions of curing {unknown}
 v - a potion of poison {unknown}
 A - 3 potions of brilliance {unknown}
 D - a potion of cure mutation {unknown}
 G - a potion of magic {unknown}
 J - 2 potions of mutation {unknown}
Comestibles
 c - 6 bread rations
 f - 4 beef jerkies
 j - a royal jelly
 s - 9 fruits
 w - 10 slices of pizza
 E - 4 meat rations


   Skills:
 + Level 10.8(7.7) Fighting
 + Level 12.5(9.2) Maces & Flails
 + Level 5.3(2.6) Throwing
 + Level 7.7(4.8) Dodging


You had 9 spell levels left.
You didn't know any spells.

Dungeon Overview and Level Annotations

Branches:
Dungeon (9/15)             Temple (0/1) D:5
   Lair: D:8-11         Orc: D:9-12

Altars:
Cheibriados
Elyvilon
Gozag
Kikubaaqudgha
Nemelex Xobeh
Okawaru
Qazlal
Sif Muna
Trog
Vehumet
Xom
Zin
The Shining One

Shops:
D:7 (*}=%

Annotations:
D:6 1 runed door


Innate Abilities, Weirdness & Mutations

You are too large for most types of armour.
You have tough skin (AC +1).


Message History

You feel drained.
You sock the centaur!
The centaur is heavily wounded.
The centaur hits you but does no damage.
You hit the centaur.
The centaur is severely wounded.
The centaur zaps a wand.
The bolt of negative energy hits you!
You feel drained.
* * * LOW HITPOINT WARNING * * *
You are too injured to fight recklessly!
You are too injured to fight recklessly!
You are too injured to fight recklessly!
You hit the centaur.
The centaur is severely wounded.
The centaur zaps a wand.
The bolt of negative energy hits you!
You feel drained.
* * * LOW HITPOINT WARNING * * *
The centaur zaps a wand.
The bolt of negative energy hits you!
You feel drained.
You die...

########....)..........%...
#†#########(........
#.#########)).......
...........)........
............(........
#.............(.......
#..#########.)(..$....


.PP ..######).......$. P......@(......... P###..c........... #..############ #..
... .... ###. #. You could see a centaur.

Vanquished Creatures
  Joseph (D:8)
  A gargoyle (D:8)
  The ghost of emiel the Sneak, a novice OpEn of Cheibriados (D:6)
  A two-headed ogre (D:7)
  A human (D:7)
  The ghost of pipel the Sneak, an amateur FoAs (D:8)
  A yak (D:7)
  A steam dragon (D:9)
  A water moccasin (D:7)
  7 ogres
  2 orc warriors (D:9)
  2 ice beasts
  A phantom (D:8)
  A black bear (D:6)
  4 centaurs
  A big kobold (D:7)
  Blork the orc (D:6)
  A water moccasin zombie (D:8)
  3 giant frogs
  2 scorpions
  3 killer bees (D:9)
  The ghost of emiel the Digger, a weakling DsEE (D:4)
  4 crimson imps
  A giant frog zombie (D:6)
  2 quasits (D:7)
  10 orc wizards
  An iguana (D:4)
  2 giant frog skeletons
  2 hounds
  6 orc priests
  4 worker ants
  3 sheep (D:7)
  2 hound skeletons
  7 gnolls
  10 adders
  A shadow imp (D:6)
  An ooze (D:1)
  3 worms
  3 giant geckos
  43 orcs
  3 ball pythons
  7 bats
  7 giant cockroaches
  7 hobgoblins
  13 jackals
  3 quokkas
  A giant gecko zombie (D:5)
  3 giant newts
  6 goblins
  A jackal zombie (D:6)
  11 kobolds
  9 rats
214 creatures vanquished.

Vanquished Creatures (collateral kills)
  A yaktaur (D:7)
1 creature vanquished.

Vanquished Creatures (others)
  A wyvern (D:9)
  5 fungi (D:9)
6 creatures vanquished.

Grand Total: 221 creatures vanquished

Notes
Turn   | Place    | Note
--------------------------------------------------------------
     0 | D:1      | DishwasherDemon the Ogre Berserker began the quest for the Orb.
     0 | D:1      | Reached XP level 1. HP: 24/24 MP: 1/1
   139 | D:1      | Reached XP level 2. HP: 32/32 MP: 2/2
   293 | D:1      | Reached skill level 5 in Maces & Flails
   684 | D:1      | Reached ** piety under Trog
   690 | D:2      | Reached XP level 3. HP: 39/39 MP: 3/3
   838 | D:2      | Reached skill level 6 in Maces & Flails
  1010 | D:2      | Reached XP level 4. HP: 40/48 MP: 4/4
  1099 | D:2      | Found a radiant altar of Vehumet.
  1114 | D:2      | Found a glowing golden altar of the Shining One.
  1651 | D:3      | Reached skill level 7 in Maces & Flails
  1653 | D:3      | Reached *** piety under Trog
  1656 | D:3      | Reached XP level 5. HP: 54/54 MP: 5/5
  1741 | D:3      | Found an ancient bone altar of Kikubaaqudgha.
  2060 | D:3      | Reached skill level 8 in Maces & Flails
  2129 | D:4      | Noticed an ogre
  2314 | D:4      | Reached XP level 6. HP: 56/63 MP: 4/6
  3085 | D:4      | Reached skill level 5 in Fighting
  3276 | D:4      | Noticed emiel's ghost (weakling DsEE)
  3277 | D:4      | Noticed an ogre
  3284 | D:4      | Killed emiel's ghost
  3292 | D:4      | Killed an ogre
  3292 | D:4      | Reached XP level 7. HP: 34/72 MP: 2/7
  3295 | D:4      | Reached skill level 9 in Maces & Flails
  3655 | D:4      | Found a shimmering altar of Xom.
  3670 | D:4      | Killed an ogre
  4103 | D:5      | Entered Level 5 of the Dungeon
  4245 | D:5      | Found a sparkling altar of Nemelex Xobeh.
  4303 | D:5      | Reached XP level 8. HP: 66/84 MP: 8/8
  4711 | D:5      | Found a staircase to the Ecumenical Temple.
  4886 | D:5      | Found a snail-covered altar of Cheibriados.
  4986 | D:5      | Found a deep blue altar of Sif Muna.
  5186 | D:6      | Found an iron altar of Okawaru.
  5228 | D:6      | Noticed Blork the orc
  5237 | D:6      | Killed Blork the orc
  5237 | D:6      | Reached skill level 10 in Maces & Flails
  5237 | D:6      | Reached skill level 5 in Dodging
  5312 | D:6      | Found a glowing silver altar of Zin.
  5312 | D:6      | Noticed an angel
  5313 | D:6      | Found a runed door.
  5417 | D:6      | Reached **** piety under Trog
  5778 | D:6      | Noticed emiel's ghost (novice OpEn)
  5790 | D:6      | Killed emiel's ghost
  5846 | D:6      | Found a white marble altar of Elyvilon.
  5907 | D:6      | Found a glowing silver altar of Zin.
  6325 | D:7      | Noticed a yaktaur
  6335 | D:7      | Killed a yaktaur
  6335 | D:7      | Reached skill level 1 in Throwing
  6335 | D:7      | Reached XP level 9. HP: 89/97 MP: 6/9
  6360 | D:7      | Reached skill level 11 in Maces & Flails
  6617 | D:7      | Noticed a two-headed ogre
  6623 | D:7      | Killed a two-headed ogre
  6741 | D:7      | Found Laesch's Food Shop.
  6881 | D:7      | Found Roplek's Jewellery Shoppe.
  6917 | D:7      | Found Qohid's General Store.
  6943 | D:7      | Found Kigobb's Gadget Boutique.
  7000 | D:7      | Found Vint's Weapon Emporium.
  7960 | D:8      | Noticed pipel's ghost (amateur FoAs)
  7980 | D:8      | Killed pipel's ghost
  7982 | D:8      | Reached XP level 10. HP: 110/110 MP: 10/10
  8067 | D:8      | Reached skill level 10 in Fighting
  8107 | D:8      | Found a stormy altar of Qazlal.
  8138 | D:8      | Found an opulent altar of Gozag.
  8159 | D:8      | Noticed a gargoyle
  8182 | D:8      | Killed a gargoyle
  8182 | D:8      | Reached skill level 12 in Maces & Flails
  8444 | D:8      | Found a bloodstained altar of Trog.
  8455 | D:8      | Noticed Joseph
  8514 | D:8      | Killed Joseph
  8915 | D:9      | Reached skill level 5 in Throwing
  9201 | D:9      | Killed from afar by a centaur

Action                   |  1- 3 |  4- 6 |  7- 9 | 10-12 || total
-------------------------+-------+-------+-------+-------++-------
Melee: Mace              |   114 |   190 |   241 |   158 ||   703
       Giant club        |       |       |    28 |       ||    28
Throw: Javelin           |       |       |    11 |     7 ||    18
       Large rock        |       |       |       |     2 ||     2
Invok: Berserk           |       |     6 |     7 |     4 ||    17
       Trog's Hand       |       |     5 |     2 |     2 ||     9
       Brothers in Arms  |       |       |     1 |     1 ||     2
       Burn Spellbooks   |       |       |     1 |       ||     1
 Stab: Sleeping          |     2 |       |       |       ||     2
  Eat: Chunk             |       |     8 |    19 |    10 ||    37
       Bread ration      |       |     1 |       |       ||     1
       Beef jerky        |       |     1 |       |       ||     1
       Fruit             |       |       |     3 |       ||     3
